 Dungeon Crawl Stone Soup version 0.28-a0-1374-ga75cb3825e (webtiles) character file.

Game seed: 5160239282976063602

212 frimble the Skirmisher (level 5, 0/61 HPs)
             Began as a Demonspawn Warper on Dec 31, 2021.
             Succumbed to Crazy Yiuf's poison
             ... on level 3 of the Dungeon.
             The game lasted 00:02:20 (3001 turns).

frimble the Skirmisher (Demonspawn Warper)          Turns: 3001, Time: 00:02:21

Health: 0/61       AC:  4    Str: 11    XL:     5   Next: 58%
Magic:  8/8        EV: 12    Int: 17    God:
Gold:   71         SH:  0    Dex: 14    Spells: 6/8 levels left

rFire   . . .      SeeInvis .   o - +0 scimitar (spect)
rCold   . . .      Faith    .   (no shield)
rNeg    . . .      Spirit   .   b - +1 leather armour
rPois   .          Reflect  .   (helmet restricted)
rElec   .          Harm     .   (no cloak)
rCorr   .          Rampage  .   (no gloves)
Will    .....                   (no boots)
Stlth   ..........              (no amulet)
HPRegen 0.20/turn               (no ring)
MPRegen 0.11/turn               (no ring)

@: confused, berserking (expiring), lethally poisoned (0 -> -8), flying,
invisible, very quick
A: horns 1, thin skeletal structure 1, spiny 2
a: no special abilities


You were on level 3 of the Dungeon.
You visited 1 branch of the dungeon, and saw 3 of its levels.

You collected 71 gold pieces.

Inventory:

Hand Weapons
 o - a +0 spectral scimitar (weapon)
Missiles
 d - a boomerang of dispersal (quivered)
Armour
 b - a +1 leather armour (worn)
Wands
 n - a wand of flame (6)
Scrolls
 c - a scroll of blinking
 j - a scroll of magic mapping
Potions
 e - a potion of invisibility
 h - a potion of mutation
 k - a potion of attraction {unknown}


   Skills:
 + Level 3.4 Fighting
 + Level 3.0 Long Blades
 + Level 2.5 Throwing
 - Level 0.8 Armour
 - Level 3.0 Dodging
 - Level 2.0 Spellcasting
 - Level 2.6 Translocations


You had 6 spell levels left.
You knew the following spells:

 Your Spells              Type           Power      Damage    Failure   Level
a - Blink                 Tloc           20%        N/A       13%         2

Your spell library contained the following spells:

 Spells                   Type           Power      Damage    Failure   Level
 Sting                    Tmut/Pois      4%         1d3       26%         1
 Gell's Gravitas          Tloc           10%        N/A       26%         3
 Lesser Beckoning         Tloc           10%        N/A       26%         3
 Teleport Other           Tloc           10%        N/A       26%         3
 Poisonous Vapours        Pois/Air       2%         N/A       36%         2
 Tukima's Dance           Hex            1%         N/A       58%         3
 Passage of Golubria      Tloc           10%        N/A       63%         4
 Manifold Assault         Tloc           10%        N/A       93%         5
 Olgreb's Toxic Radiance  Pois           1%         N/A       94%         4
 Yara's Violent Unravell  Hex/Tmut       0%         3d3       100%        5


Dungeon Overview and Level Annotations

Branches:
Dungeon (3/15)

Altars:

Annotations:
D:3 Crazy Yiuf


Innate Abilities, Weirdness & Mutations

You have a pair of small horns on your head.
You have a somewhat thin skeletal structure. (Dex +2, Stealth+)
You are mostly covered in sharp spines.


Message History

f - an emerald potion
Found a mace.
Found a runed translucent door.
Crazy Yiuf shouts!
Crazy Yiuf yells, "Orb!"
Crazy Yiuf grits, "Rifle horse arm!"
Could not explore, unopened runed door.
Could not explore, unopened runed door.
You open the door. You hit Crazy Yiuf but do no damage.
Crazy Yiuf says, "Proton!
Cards down eyeball."
Crazy Yiuf is struck by your spines.
Crazy Yiuf hits you with a +2 quarterstaff of chaos!
You are confused.
Crazy Yiuf twirls on the spot.
Crazy Yiuf hits you with a +2 quarterstaff of chaos!
Crazy Yiuf burns you.
You're too confused to cast spells.
Sorry, you're not good enough to have a special ability.
It was a potion of flight.
You feel very buoyant.
You fly up into the air.
Crazy Yiuf is struck by your spines.
Crazy Yiuf hits you with a +2 quarterstaff of chaos!
* * * LOW HITPOINT WARNING * * *
You fade into invisibility!
It was a potion of berserk rage.
A red film seems to cover your vision as you go berserk!
You feel yourself moving faster!
You feel mighty!
Crazy Yiuf hits you with a +2 quarterstaff of chaos!
* * * LOW HITPOINT WARNING * * *
You bump into the tree.
You feel a strong urge to attack something.
You bump into the stone wall.
Crazy Yiuf laughs, "Ten bush hog!"
Crazy Yiuf is struck by your spines.
Crazy Yiuf hits you with a +2 quarterstaff of chaos.
* * * LOW HITPOINT WARNING * * *
You are lethally poisoned!
You bump into the tree.
You feel your anger nearly subside.
You die...

#) ##########.
#..........
###........ #.......#
#.......# ###
♣♣######...# #)..#♣♣
♣♣....#####.#
#...g@♣♣♣♣......## #..
#...#♣..♣........####.
### ♣♣♣.♣....##......
♣♣♣♣♣##..####..
##..###.. #........
###..###. ##..##.
#......


You could see Crazy Yiuf.

Vanquished Creatures
  Jessica (D:3)
  An orc wizard (D:3)
  Natasha (thrice) (D:3)
  An adder (D:2)
  A worm (D:2)
  A dart slug (D:2)
  3 orcs (D:3)
  7 ball pythons
  4 bats
  6 endoplasms (D:3)
  7 goblins
  8 hobgoblins
  7 jackals
  6 kobolds
  2 quokkas
  4 frilled lizards
  4 rats
66 creatures vanquished.

Notes
Turn   | Place    | Note
-------+----------+-------------------------------------------
     0 | D:1      | frimble the Demonspawn Warper began the quest for the Orb.
     0 | D:1      | Reached XP level 1. HP: 16/16 MP: 3/3
   292 | D:1      | Reached skill level 1 in Throwing
   562 | D:1      | Gained mutation: You are partially covered in sharp spines.
                  | [demonic ancestry]
   562 | D:1      | Reached XP level 2. HP: 10/22 MP: 5/5
   914 | D:1      | Found a faded altar of an unknown god.
  1534 | D:2      | Gained mutation: You have a somewhat thin skeletal
                  | structure. (Dex +2, Stealth+) [demonic ancestry]
  1534 | D:2      | Reached XP level 3. HP: 22/28 MP: 6/6
  1537 | D:2      | Learned a level 2 spell: Blink
  2589 | D:3      | Gained mutation: You have a pair of small horns on your
                  | head. [demonic ancestry]
  2589 | D:3      | Reached XP level 4. HP: 34/34 MP: 7/7
  2710 | D:3      | Noticed Natasha
  2713 | D:3      | Killed Natasha
  2787 | D:3      | Noticed Jessica
  2792 | D:3      | Killed Jessica
  2793 | D:3      | Gained mutation: You are mostly covered in sharp spines.
                  | [demonic ancestry]
  2793 | D:3      | Reached XP level 5. HP: 34/41 MP: 8/8
  2894 | D:3      | Noticed Natasha
  2900 | D:3      | Killed Natasha
  2948 | D:3      | Noticed Natasha
  2951 | D:3      | Killed Natasha
  2991 | D:3      | Found a runed translucent door.
  2992 | D:3      | Noticed Crazy Yiuf
  3000 | D:3      | HP: 2/61 [Crazy Yiuf (4)]
  3001 | D:3      | Succumbed to Crazy Yiuf's poison

Illustrated notes

Levels and vault maps discovered:
D:1:      co_arrival_square_in_a_square_in_a_square, layout_basic,
          ebering_ecumenical_altar_webs
D:2:      layout_loops_ring
D:3:      layout_rooms, kennysheep_generic_room_14, uniq_jessica, uniq_natasha,
          uniq_crazy_yiuf_cottage

Skill      XL: |  1  2  3  4  5 |
---------------+----------------+-----
Throwing       | 1 2 |  2.5
Long Blades    | 2 3 |  3.0
Dodging        | 2 3 |  3.0
Fighting       | 3 |  3.4
Armour         | |  0.8
Spellcasting   | |  2.0
Translocations | |  2.6

Action                   |  1- 3 |  4- 6 || total
-------------------------+-------+-------++-------
Melee: Falchion          |    91 |       ||    91
       Scimitar          |     8 |    21 ||    29
Throw: Boomerang         |     4 |       ||     4
  Use: Scroll            |     7 |     1 ||     8
       Potion            |       |     2 ||     2
 Stab: Sleeping          |     4 |     3 ||     7
Armor: Leather armour    |    21 |     2 ||    23
Dodge: Dodged            |    50 |     6 ||    56

Table legend: (Time is in decaauts)
 A = Elapsed time spent in this place.
 B = Non-inter-level travel time spent in this place.
 C = Inter-level travel time spent in this place.
 D = Time resting spent in this place.
 E = Time spent auto-exploring this place.
 F = Levels seen in this place.
 G = Mean time per level.
                   A        B        C        D        E       F      G
               +--------+--------+--------+--------+--------+-----+--------+
         Total |   3032 |   2995 |     37 |      0 |   2562 |   3 | 1010.7 |
       Dungeon |   3032 |   2995 |     37 |      0 |   2562 |   3 | 1010.7 |
               +--------+--------+--------+--------+--------+-----+--------+

Top non-repeatable levels by time:
     D:1: 1522 daAuts
     D:2: 1021 daAuts
     D:3: 489 daAuts
